 Dungeon Crawl Stone Soup version 0.29-a0-866-g0545e20025 (webtiles) character file.

Game seed: 15026608492589628288

200 wrndlr the Vexing (level 5, -4/23 (24) HPs)
             Began as a Spriggan Enchanter on July 17, 2022.
             Slain by a necrophage (7 damage)
             ... on level 4 of the Dungeon.
             The game lasted 00:07:00 (4134 turns).

wrndlr the Vexing (Spriggan Enchanter)              Turns: 4134, Time: 00:07:01

HP:   -4/23 (24)    AC:  2    Str:  6    XL:     5   Next: 48%
MP:   11/13         EV: 17    Int: 16    God:
Gold: 164           SH:  0    Dex: 16    Spells: 6/14 levels left

rFire   . . .      SeeInvis +   a - +2 dagger
rCold   . . .      Faith    .   (no shield)
rNeg    . . .      Spirit   .   b - +0 robe
rPois   .          Reflect  .   (helmet restricted)
rElec   .          Harm     .   (no cloak)
rCorr   .          Rampage  .   (gloves unavailable)
Will    .....                   (boots unavailable)
Stlth   +++.......              (no amulet)
HPRegen 0.07/turn               (no ring)
MPRegen 0.13/turn               (no ring)

@: lightly drained, very quick
A: very small, no large weapons, unfitting armour, see invisible, speed 3
a: no special abilities


You were on level 4 of the Dungeon.
You visited 1 branch of the dungeon, and saw 4 of its levels.

You collected 164 gold pieces.

Inventory:

Hand Weapons
 a - a +2 dagger (weapon)
Missiles
 e - 2 throwing nets (quivered)
Armour
 b - a +0 robe (worn)
Scrolls
 f - a scroll of poison
 h - a scroll of blinking
 k - a scroll of vulnerability
Potions
 c - 3 potions of invisibility
 d - a potion of flight
 i - a potion of resistance
 j - a potion of curing {unknown}


   Skills:
 - Level 1.1 Short Blades
 - Level 2.6 Dodging
 + Level 4.4 Stealth
 + Level 5.3 Spellcasting
 + Level 5.9 Hexes


You had 6 spell levels left.
You knew the following spells:

 Your Spells              Type           Power      Damage    Failure   Level
a - Ensorcelled Hibernat  Hex/Ice        26%        N/A       7%          2
b - Tukima's Dance        Hex            23%        N/A       3%          3
d - Confusing Touch       Hex            23%        N/A       3%          3

Your spell library contained the following spells:

 Spells                   Type           Power      Damage    Failure   Level
 Dazzling Flash           Conj/Hex       26%        N/A       13%         3
 Scorch                   Fire           8%         2d5       22%         2
 Stone Arrow              Conj/Erth      8%         3d7       41%         3
 Animate Armour           Summ/Erth      8%         N/A       82%         4
 Flame Wave               Conj/Fire      4%         2d5       82%         4
 Summon Cactus Giant      Summ           2%         N/A       100%        6
 Lehudib's Crystal Spear  Conj/Erth      2%         10d2      100%        8


Dungeon Overview and Level Annotations

Branches:
Dungeon (4/15)
 Temple: D:4-7

Altars:
Okawaru


Innate Abilities, Weirdness & Mutations

You are very small and have problems with some larger weapons.
You are too small for most types of armour.
You have supernaturally acute eyesight. (SInv)
You cover ground extremely quickly. (Speed+++)


Message History

The giant cockroach bites you.
You hit the giant cockroach.
You kill the giant cockroach!
Casting: Confusing Touch (quite dangerous; 3% risk of failure)
Confirm with . or Enter, or press ? or * to list all spells.
The spell is quite dangerous to miscast (3% risk of failure)!
Continue anyway?
Your hands begin to glow red.
You completely miss the necrophage.
The necrophage hits you but does no damage.
You hit the necrophage but do no damage.
The necrophage hits you.
You hit the necrophage but do no damage.
The necrophage hits you.
You feel drained.
You are too injured to fight recklessly!
You are too injured to fight recklessly!
You are too injured to fight recklessly!
You are too injured to fight recklessly!
You hit the necrophage but do no damage.
The necrophage hits you.
You closely miss the necrophage.
The necrophage hits you but does no damage.
You hit the necrophage but do no damage.
The necrophage completely misses you.
You hit the necrophage but do no damage.
You completely miss the necrophage. The necrophage completely misses you.
You hit the necrophage but do no damage.
The necrophage hits you.
You barely miss the necrophage.
Your hands stop glowing.
The necrophage closely misses you.
You barely miss the necrophage. The necrophage hits you.
* * * LOW HITPOINT WARNING * * *
Unknown command.
You hit the necrophage.
The necrophage is moderately damaged.
The necrophage misses you.
You closely miss the necrophage.
The necrophage is moderately damaged.
The necrophage hits you!
You die...

#..# #..# ########.)#
..........#
....##$.######
###.#.....B...
#.#..#######
#########.#..#
#...@n.......######.
#....#######..........(
#.. ####.######. #
...n..[)# #########


You could see a necrophage.

Vanquished Creatures
  A necrophage (D:4)
  4 gnolls (D:3)
  3 adders
  A worm (D:2)
  2 dart slugs (D:2)
  An orc (D:3)
  5 ball pythons
  6 bats
  7 endoplasms
  6 giant cockroaches
  5 goblins
  4 hobgoblins
  4 jackals (D:1)
  4 quokkas
  5 frilled lizards
  2 kobolds
  4 rats
64 creatures vanquished.

Notes
Turn   | Place    | Note
-------+----------+-------------------------------------------
     0 | D:1      | wrndlr the Spriggan Enchanter began the quest for the Orb.
     0 | D:1      | Reached XP level 1. HP: 9/9 MP: 5/5
   343 | D:1      | Reached XP level 2. HP: 8/13 MP: 7/7
   468 | D:1      | Learned a level 2 spell: Ensorcelled Hibernation
  1310 | D:2      | Reached XP level 3. HP: 16/16 MP: 9/9
  1314 | D:2      | Learned a level 3 spell: Tukima's Dance
  1318 | D:2      | Learned a level 3 spell: Confusing Touch
  2283 | D:2      | Reached XP level 4. HP: 15/21 MP: 11/11
  2819 | D:3      | Found an iron altar of Okawaru.
  2839 | D:3      | Reached skill level 5 in Hexes
  3895 | D:4      | Noticed a necrophage
  3912 | D:4      | Reached XP level 5. HP: 15/23 MP: 10/13
  3914 | D:4      | Reached skill level 5 in Spellcasting
  4134 | D:4      | Slain by a necrophage

Illustrated notes

Levels and vault maps discovered:
D:1:      dpeg_arrival_lava_temple_mockup, layout_loops_ring
D:2:      layout_loops_corners, minmay_tromino_i2
D:3:      layout_loops_corners, lemuel_doored_altar
D:4:      layout_loops_ring, lemuel_crystal_altar, minmay_tree_intersection,
          uniq_crazy_yiuf_cottage, uniq_pikel

Skill      XL: |  1  2  3  4  5 |
---------------+----------------+-----
Spellcasting   | 3 4 5 |  5.3
Hexes          | 4 5 |  5.9
Short Blades   | |  1.1
Dodging        | |  2.6
Stealth        | |  4.4

Action                   |  1- 3 |  4- 6 || total
-------------------------+-------+-------++-------
Melee: Dagger            |   116 |    81 ||   197
 Cast: Ensorcelled Hiber |     8 |     6 ||    14
       Confusing Touch   |       |     3 ||     3
  Use: Scroll            |     9 |     2 ||    11
       Potion            |       |     1 ||     1
 Stab: Sleeping          |    16 |     6 ||    22
       Confused          |       |     1 ||     1
Armor: Robe              |    14 |     6 ||    20
Dodge: Dodged            |    96 |    40 ||   136

Table legend: (Time is in decaauts)
 A = Elapsed time spent in this place.
 B = Non-inter-level travel time spent in this place.
 C = Inter-level travel time spent in this place.
 D = Time resting spent in this place.
 E = Time spent auto-exploring this place.
 F = Levels seen in this place.
 G = Mean time per level.
                   A        B        C        D        E       F      G
               +--------+--------+--------+--------+--------+-----+--------+
         Total |   3226 |   3175 |     51 |    359 |   2360 |   4 |  806.5 |
       Dungeon |   3226 |   3175 |     51 |    359 |   2360 |   4 |  806.5 |
               +--------+--------+--------+--------+--------+-----+--------+

Top non-repeatable levels by time:
     D:1: 1315 daAuts
     D:2: 882 daAuts
     D:3: 803 daAuts
     D:4: 225 daAuts
